 Dungeon Crawl Stone Soup version 0.29-a0-214-g17f627cfee (webtiles) character file.

Game seed: 6958292356872236360

63 sammy202020 the Skirmisher (level 3, 29/29 HPs)
             Began as a Demonspawn Berserker on Feb 25, 2022.
             Was a Believer of Trog.
             Quit the game on level 3 of the Dungeon.
             The game lasted 00:04:45 (2199 turns).

sammy202020 the Skirmisher (Demonspawn Berserker)   Turns: 2199, Time: 00:04:45

Health: 29/29      AC:  8    Str: 19    XL:     3   Next: 87%
Magic:  3/3        EV:  8    Int:  8    God:    Trog [**....]
Gold:   55         SH:  0    Dex: 12    Spells: 2/2 levels left

rFire   + . .      SeeInvis .   o - +0 war axe (vamp)
rCold   + . .      Faith    .   (no shield)
rNeg    . . .      Spirit   .   j - +0 chain mail
rPois   .          Reflect  .   (no helmet)
rElec   .          Harm     .   r - scarf {rC+ rF+}
rCorr   .          Rampage  .   (no gloves)
Will    .....                   (no boots)
Stlth   ..........              (no amulet)
HPRegen 0.09/turn               (no ring)
MPRegen 0.08/turn               (no ring)

@: no status effects
A: powered by death 1, demonic magic 1
a: Renounce Religion, Berserk, Trog's Hand


You were on level 3 of the Dungeon.
You worshipped Trog.
Trog was pleased with you.
You visited 1 branch of the dungeon, and saw 3 of its levels.

You collected 55 gold pieces.

Inventory:

Hand Weapons
 a - a +0 mace
 o - a +0 vampiric war axe (weapon)
 q - a +0 long sword
Armour
 j - a +0 chain mail (worn)
 r - a scarf of resistance (worn)
Wands
 m - a wand of mindburst (15)
 s - a wand of charming (11)
 t - a wand of acid (6)
Scrolls
 c - a scroll of fear {unknown}
 e - a scroll of magic mapping {unknown}
 f - 3 scrolls of teleportation {unknown}
 g - a scroll of noise {unknown}
 h - a scroll of brand weapon {unknown}
 i - a scroll of amnesia {unknown}
 k - 3 scrolls of identify {unknown}
 p - a scroll of enchant weapon {unknown}
Potions
 b - 2 potions of ambrosia {unknown}
 d - a potion of brilliance {unknown}
 l - a potion of might {unknown}
 n - a potion of heal wounds {unknown}


   Skills:
 + Level 3.5 Fighting
 + Level 0.1(1.9) Axes
 - Level 3.1(3.2) Maces & Flails
 + Level 2.4 Armour
 + Level 2.4 Dodging


You had 2 spell levels left.
You didn't know any spells.
Your spell library was empty.

Dungeon Overview and Level Annotations

Branches:
Dungeon (3/15)

Altars:


Innate Abilities, Weirdness & Mutations

You regenerate a little health from kills.
Spells you cast may paralyse adjacent enemies.


Message History

A dart slug is nearby!
The dart slug bites you but does no damage.
You slash the dart slug!
The dart slug is almost dead.
The dart slug launches a dart at you. The slug dart hits you.
You hit the dart slug.
You kill the dart slug!
Trog accepts your kill.
No target in view!
HP restored.
You see here a dart slug corpse.
Found a book of Cantrips.
Found a stone staircase leading down.
No target in view!
There is a stone staircase leading down here.
You open the door.
There is an open door here.
You open the door.
There is an open door here.
An orc comes into view. It is wielding a +0 club.
The orc shouts!
An orc is nearby!
You slash the orc!
You kill the orc!
Trog accepts your kill.
No target in view!
No target in view!
Things that are here:
a +0 club; 2 boomerangs; an orc corpse You now have 55 gold pieces (gained 4).
As you open the door, it creaks loudly!
Found 9 stones.
Found a robe.
Found a stone staircase leading down.
There is an open door here.
There is a stone staircase leading down here.
s - a wand of charming (11) No target in view!
t - a wand of acid (6) Unknown command.
Are you sure you want to abandon this character and quit the game? (Confirm with "yes".)

#...........#
########.###########
...........#
.#######.#.# #.#.#
#.#.# #.#.# #.#.#
#.#@# #.#...# ###.#
.# #


There were no monsters in sight!

Vanquished Creatures
  3 adders (D:2)
  A dart slug (D:3)
  An orc (D:3)
  A bat (D:2)
  4 endoplasms
  2 giant cockroaches
  3 goblins
  6 hobgoblins
  A quokka (D:1)
  3 ball pythons (D:1)
  3 frilled lizards
  4 rats
32 creatures vanquished.

Notes
Turn   | Place    | Note
-------+----------+-------------------------------------------
     0 | D:1      | sammy202020 the Demonspawn Berserker began the quest for
                  | the Orb.
     0 | D:1      | Reached XP level 1. HP: 18/18 MP: 1/1
   128 | D:1      | Gained mutation: Spells you cast may paralyse adjacent
                  | enemies. [demonic ancestry]
   128 | D:1      | Reached XP level 2. HP: 24/24 MP: 2/2
   260 | D:1      | Found a faded altar of an unknown god.
  1052 | D:2      | Gained mutation: You regenerate a little health from kills.
                  | [demonic ancestry]
  1052 | D:2      | Reached XP level 3. HP: 29/29 MP: 3/3
  1458 | D:2      | Reached ** piety under Trog
  2199 | D:3      | Quit the game

Illustrated notes

Levels and vault maps discovered:
D:1:      ebering_trefoil_twist, layout_loops_cross,
          hellmonk_ecumenical_altar_crossroads
D:2:      layout_basic
D:3:      layout_basic, gammafunk_ghost_necromancy

Skill      XL: |  1  2 |
---------------+-------+-----
Armour         | 2 |  2.4
Dodging        | 2 |  2.4
Maces & Flails | 3 |  3.1
Fighting       | |  3.5
Axes           | |  0.1

Action                   || total
-------------------------++-------
Melee: Mace              ||    84
       War axe           ||     8
Armor: Ring mail         ||    14
       Animal skin       ||     1
       Chain mail        ||    29
Dodge: Dodged            ||    44

Table legend: (Time is in decaauts)
 A = Elapsed time spent in this place.
 B = Non-inter-level travel time spent in this place.
 C = Inter-level travel time spent in this place.
 D = Time resting spent in this place.
 E = Time spent auto-exploring this place.
 F = Levels seen in this place.
 G = Mean time per level.
                   A        B        C        D        E       F      G
               +--------+--------+--------+--------+--------+-----+--------+
         Total |   2222 |   2222 |      0 |    140 |   1521 |   3 |  740.7 |
       Dungeon |   2222 |   2222 |      0 |    140 |   1521 |   3 |  740.7 |
               +--------+--------+--------+--------+--------+-----+--------+

Top non-repeatable levels by time:
     D:2: 1040 daAuts
     D:1: 942 daAuts
     D:3: 239 daAuts
